 Dungeon Crawl Stone Soup version 0.31-a0-187-gba352fbbf7 (webtiles) character file.

Game seed: 18056858321593555360

56 qw the Shooter (level 3, 0/20 HPs)
             Began as a Deep Elf Hunter on June 22, 2023.
             Slain by Grinder (4 damage)
             ... while paralysed by Grinder
             ... on level 2 of the Dungeon.
             The game lasted 00:00:57 (1571 turns).

qw the Shooter (Deep Elf Hunter)                    Turns: 1571, Time: 00:00:58

Health: 0/20       AC:  3    Str: 10    XL:     3   Next: 71%
Magic:  5/5        EV:  2    Int: 13    God:
Gold:   108        SH:  0    Dex: 18    Spells: 2/2 levels left

rFire   . . .        Y - +0 shortbow
rCold   . . .        (shield currently unavailable)
rNeg    . . .        c - +0 leather armour
rPois   .            (no helmet)
rElec   .            (no cloak)
rCorr   .            (no gloves)
SInv    .            (no boots)
Will    .....        i - amulet of faith
Stlth   ++           (no ring)
HPRegen 0.23/turn    (no ring)
MPRegen 0.09/turn

%: faith
@: paralysed
A: no striking features
a: no special abilities


You were on level 2 of the Dungeon.
You visited 1 branch of the dungeon, and saw 3 of its levels.

You collected 108 gold pieces.


   Skills:
 - Level 1.5 Fighting
 + Level 7.2 Ranged Weapons
 - Level 2.4 Dodging
 - Level 1.2 Stealth


You had 2 spell levels left.
You didn't know any spells.
Your spell library was empty.

Inventory:

Hand Weapons
 Y - a +0 shortbow (weapon)
Armour
 c - a +0 leather armour (worn)
 e - the +5 robe of Misfortune {Harm *Corrode *Slow EV+5}
   (You found it on level 2 of the Dungeon)

   EV:        It affects your evasion (+5).
   *Corrode:  It may corrode you when you take damage.
   *Slow:     It may slow you when you take damage.
   Harm:      It increases damage dealt and taken.
Jewellery
 i - an amulet of faith (around neck)
Scrolls
 a - a scroll of identify
Potions
 d - a potion of haste

Dungeon Overview and Level Annotations

Branches:
Dungeon (3/15)

Altars:
Xom

Annotations:
D:2 Grinder


Message History

Grinder is moderately wounded.
You shoot an arrow. The arrow hits Grinder!
Grinder is heavily wounded.
You shoot an arrow. The arrow barely misses Grinder.
Grinder hits you.
You writhe in agony.
1560 ||| STAIRDANCE Grinder gestures at you.
You suddenly lose the ability to move!
You stop ascending the stairs.
Grinder gestures at you.
You shrug off the repeated paralysis!
The endoplasm hits you. The endoplasm freezes you.
You are frozen.
Grinder hits you.
You writhe in agony.
You can move again.
1563 ||| STAIRDANCE Grinder hits you but does no damage.
The endoplasm hits you.
You climb upwards.
There is a stone staircase leading down here.
1565 ||| DRINKING potion of heal wounds.
You feel much better. The endoplasm closely misses you.
Grinder closely misses you.
You shoot an arrow. The arrow barely misses Grinder.
The endoplasm closely misses you. Grinder barely misses you.
You shoot an arrow. The arrow hits Grinder.
Grinder is heavily wounded.
The endoplasm misses you. Grinder hits you!
You shoot an arrow. The arrow hits Grinder!
Grinder is heavily wounded.
The endoplasm freezes you.
You are frozen.
Grinder closely misses you.
You shoot an arrow. The arrow hits Grinder.
Grinder is heavily wounded.
The endoplasm closely misses you. Grinder gestures at you.
You resist with significant effort.
You shoot an arrow. The arrow completely misses Grinder.
The endoplasm barely misses you. Grinder gestures at you.
You suddenly lose the ability to move!
The endoplasm hits you. Grinder hits you.
You writhe in agony.
You die...

#.# #.#
#.###################
#........#...........
########.#.##########
#.#.##.# #########.#....#
#....J..#.####.#
#.#.5@..'....#.#####
#.#.....#.#.##.#...#
####.#.....#.#.##.#.#.#
#....#.....#.#....#.#.###
##.###.....#.######.#....
#.# #.....#........#####
#.# #.....'.............
#.# #.....##########....
#.# #.................##


You could see Grinder and an endoplasm.

Vanquished Creatures
  2 adders (D:2)
  2 worms (D:2)
  2 dart slugs (D:2)
  7 ball pythons
  3 endoplasms
  2 goblins
  2 hobgoblins
  A kobold (D:1)
  A quokka (D:2)
  A bat (D:2)
  A frilled lizard (D:1)
  4 rats
28 creatures vanquished.

Notes
Turn   | Place    | Note
-------+----------+-------------------------------------------
     0 | D:1      | qw the Deep Elf Hunter began the quest for the Orb.
     0 | D:1      | Reached XP level 1. HP: 12/12 MP: 3/3
     0 | D:1      | 0 ||| qw: Version: 0.3-a-9-g12657ce
     0 | D:1      | 0 ||| qw: Game counter: 2175
     0 | D:1      | 0 ||| qw: Always use a shield: true
     0 | D:1      | 0 ||| qw: God list: Okawaru
     0 | D:1      | 0 ||| qw: Allow faded altars: false
     0 | D:1      | 0 ||| qw: Do Orc after D:15 true
     0 | D:1      | 0 ||| qw: Do second Lair branch before Depths: true
     0 | D:1      | 0 ||| qw: Lair rune preference: random
     0 | D:1      | 0 ||| qw: Plans: Normal
     0 | D:1      | 0 ||| PLANNING D:1-11
    12 | D:1      | Found a faded altar of an unknown god.
   125 | D:1      | Reached XP level 2. HP: 16/16 MP: 4/4
   138 | D:1      | Reached skill level 6 in Ranged Weapons
   450 | D:1      | 450 ||| UPGRADING to amulet of faith.
   455 | D:1      | 455 ||| READING 4 scrolls labelled VOLOSA ETOUHEY.
   456 | D:1      | 456 ||| READING scroll labelled YROADDUOTZ.
   457 | D:1      | 457 ||| READING scroll labelled SOR ACIXZIP.
   458 | D:1      | 458 ||| READING 3 scrolls of identify.
   458 | D:1      | 458 ||| IDENTIFYING cyan potion
   459 | D:1      | 459 ||| READING 2 scrolls of identify.
   459 | D:1      | 459 ||| IDENTIFYING orange potion
   460 | D:1      | 460 ||| DROPPING scroll of butterflies.
   550 | D:2      | Reached XP level 3. HP: 20/20 MP: 5/5
   696 | D:2      | Found a shimmering altar of Xom.
   809 | D:2      | Found the +5 robe of Misfortune {Harm *Corrode *Slow EV+5}
   989 | D:2      | 989 ||| READING scroll labelled KIKITI DATH.
   990 | D:2      | 990 ||| READING scroll labelled FAOWEKH BOAW.
  1243 | D:2      | Reached skill level 7 in Ranged Weapons
  1417 | D:2      | 1417 ||| READING scroll labelled PETHIE XEADGH.
  1537 | D:3      | Noticed Grinder
  1538 | D:3      | 1538 ||| PLANNING SEWER
  1539 | D:3      | 1539 ||| STAIRDANCE
  1560 | D:3      | 1560 ||| STAIRDANCE
  1560 | D:3      | Paralysed by Grinder for 3 turns
  1562 | D:3      | HP: 5/20 [Grinder (5)]
  1563 | D:3      | 1563 ||| STAIRDANCE
  1563 | D:3      | HP: 1/20 [endoplasm (2)]
  1565 | D:2      | 1565 ||| DRINKING potion of heal wounds.
  1570 | D:2      | Paralysed by Grinder for 4 turns
  1571 | D:2      | HP: 4/20 [Grinder (2)]
  1571 | D:2      | Slain by Grinder

Levels and vault maps discovered:
D:1:      eino_arrival_water_cross, layout_rooms, ebering_ecumenical_altar_mist,
          serial_park_tiny_2
D:2:      layout_basic, basic_altar, minmay_misc_feat_ornament,
          chequers_mini_garden, chequers_arboretum
D:3:      layout_loops_corners, serial_shops, shop, gup_sewer_entry_bubbles,
          minmay_door_square, minivault_11, uniq_grinder, uniq_natasha

Skill      XL: |  1  2  3 |
---------------+----------+-----
Ranged Weapons | 6 7 |  7.2
Fighting       | |  1.5
Dodging        | |  2.4
Stealth        | |  1.2

Action                     || total
---------------------------++-------
   Fire: Shortbow          ||   101
    Use: Scroll            ||     8
         Potion            ||     1
 Armour: Leather armour    ||     6
  Dodge: Dodged            ||    21

Table legend:
 A = Non-vault XP
 B = Vault XP
 C = Vault XP percentage of total XP
 D = Non-vault monster count
 E = Vault monster count
 F = Vault count percentage of total count
                 A         B        C        D         E       F
            +---------+---------+-------+---------+---------+-------
      Total |      81 |       0 |   0.0 |      28 |       0 |   0.0
            +---------+---------+-------+---------+---------+-------
        D:1 |      22 |       0 |   0.0 |      13 |       0 |   0.0
        D:2 |      57 |       0 |   0.0 |      14 |       0 |   0.0
        D:3 |       2 |       0 |   0.0 |       1 |       0 |   0.0
            +---------+---------+-------+---------+---------+-------
